AoeStats
← OAO

Arena

510095982Analyzed
4v4 RM · 23h ago on Sep 29, 2026· 45m 31s· 8 players
Game mode
Random Map
Map size
Large (8 player)
Population
200
Speed
Normal
Resources
Standard
Victory
Conquest
Starting age
Dark Age
Ending age
Imperial Age
RankedLock teamsTeams togetherTeam positionsShared explorationLock speedFull tech treeHidden civsTurbo modeCheats
Victory
Defeat
🇹🇼 Persians · Taiwan
1162
+13
🇨🇾 Teutons · Cyprus
1149
+13
1124
+14
🇮🇳 Celts · India
1110
+15
🇨🇳 Franks · China
1250
-19
🇨🇳 Turks · China
1182
-18
🇨🇳 Bohemians · China
991
-10
🇨🇳 Mongols · China
937
-8
能不能先出兵再发育
10:21 Feudal Age
14:46 Castle Age
13:39 Double-Bit Axe
20:14 Bow Saw
21:24 Scale Barding Armor
22:03 Husbandry
23:57 Wheelbarrow
29:45 Imperial Age
27:15 Gold Mining
28:40 Forging
29:09 Hand Cart
31:10 Chain Barding Armor
30:12 Cavalier
34:28 Plate Barding Armor
34:59 Conscription
35:19 Iron Casting
37:27 Blast Furnace
38:39 Paladin
40:30 Town Watch
41:52 Loom
42:39 Chivalry
43:18 Town Patrol
43:21 Scale Mail Armor
44:24 Gold Shaft Mining
JonnyD
11:31 Feudal Age
16:13 Castle Age
15:01 Double-Bit Axe
19:10 Man-at-Arms
24:35 Horse Collar
25:46 Gold Mining
31:05 Imperial Age
28:21 Loom
29:14 Wheelbarrow
28:25 Town Watch
29:21 Fletching
29:38 Stone Mining
29:50 Town Patrol
31:51 Hand Cart
31:45 Scale Barding Armor
31:51 Forging
31:37 Bodkin Arrow
32:17 Crenellations
32:26 Ballistics
33:14 Chain Barding Armor
33:30 Iron Casting
32:23 Pikeman
33:04 Squires
33:22 Cavalier
34:14 Bloodlines
36:43 Bloodlines
37:36 Plate Barding Armor
38:57 Paladin
40:23 Stone Shaft Mining
42:01 Bow Saw
41:55 Heavy Plow
42:58 Blast Furnace
41:59 Padded Archer Armor
41:59 Scale Mail Armor
AK47
11:10 Feudal Age
15:41 Castle Age
13:30 Double-Bit Axe
13:30 Horse Collar
15:14 Wheelbarrow
18:45 Bow Saw
18:40 Heavy Plow
24:25 Hand Cart
28:25 Imperial Age
27:17 Ballistics
28:27 Heavy Scorpion
30:15 Chemistry
30:21 Siege Engineers
29:57 Capped Ram
32:30 Siege Ram
38:47 Pikeman
OAO
11:31 Feudal Age
12:17 Double-Bit Axe
12:40 Gold Mining
15:21 Castle Age
14:07 Horse Collar
16:45 Bow Saw
21:16 Loom
21:54 Husbandry
24:51 Imperial Age
23:06 Bloodlines
23:10 Scale Barding Armor
23:16 Forging
24:38 Gold Shaft Mining
24:59 Chain Barding Armor
29:54 Cavalier
32:43 Wheelbarrow
34:04 Iron Casting
34:13 Hand Cart
35:07 Savar
38:37 Plate Barding Armor
39:02 Blast Furnace
39:51 Caravan
42:20 Chemistry
41:41 Ballistics
41:14 Fletching
44:30 Conscription
蒙式战车
11:01 Feudal Age
K12580
11:18 Feudal Age
14:59 Castle Age
13:48 Double-Bit Axe
16:55 Horse Collar
27:28 Imperial Age
27:29 Wheelbarrow
27:54 Bow Saw
29:32 Chemistry
31:27 Pikeman
31:42 Houfnice
32:27 Loom
34:36 Fletching
34:46 Padded Archer Armor
35:35 Halberdier
靓仔
12:26 Feudal Age
17:15 Castle Age
22:11 Imperial Age
21:19 Padded Archer Armor
21:29 Gold Mining
23:39 Horse Collar
34:05 Fortified Wall
34:16 Ballistics
34:37 Loom
39:03 Leather Archer Armor
39:29 Wheelbarrow
38:39 Town Watch
40:45 Ring Archer Armor
42:05 Forging
42:01 Scale Barding Armor
41:48 Fletching
巨浪大切
10:04 Feudal Age
13:45 Castle Age
11:34 Double-Bit Axe
15:06 Bow Saw
22:32 Wheelbarrow
21:49 Gold Mining
23:10 Gold Shaft Mining
23:53 Hand Cart
24:38 Loom
27:41 Imperial Age
25:34 Scale Barding Armor
25:40 Forging
26:24 Husbandry
26:47 Chain Barding Armor
28:46 Iron Casting
28:01 Cavalier
29:20 Plate Barding Armor
29:23 Paladin
31:12 Blast Furnace
32:25 Scale Mail Armor
32:15 Fletching
33:34 Chemistry
Connection lost

Rejoining the realm…

Still unreachable

The connection could not be restored.

Session expired

The server has moved on; the page needs a fresh start.